 Dungeon Crawl Stone Soup version 0.26-a0-84-g8c18429211 (webtiles) character file.

Game seed: 7196360861078351169

919 Error4North the Chopper (level 8, 0/70 HPs)
             Began as a Hill Orc Fighter on June 20, 2020.
             Was an Initiate of Okawaru.
             Slain by a gargoyle
             ... wielding a +2 flail of protection
              (1 damage)
             ... on level 5 of the Dungeon.
             The game lasted 00:12:46 (5587 turns).

Error4North the Chopper (Hill Orc Fighter)          Turns: 5587, Time: 00:12:46

Health: 0/70       AC: 13    Str: 19    XL:     8   Next: 9%
Magic:  9/9        EV:  6    Int: 10    God:    Okawaru [......]
Gold:   308        SH:  9    Dex: 10    Spells: 7/7 levels left

rFire    . . .     SeeInvis .   a - +0 war axe
rCold    . . .     Gourm    .   c - +0 kite shield
rNeg     . . .     Faith    .   t - +3 chain mail
rPois    .         Spirit   .   (no helmet)
rElec    .         Reflect  .   (no cloak)
rCorr    .         Harm     .   (no gloves)
MR       .....                  (no boots)
Stlth    ..........             (no amulet)
HPRegen  0.21/turn              (no ring)
MPRegen  0.11/turn              (no ring)

@: no status effects
A: no striking features
a: Renounce Religion


You were on level 5 of the Dungeon.
You worshipped Okawaru.
Okawaru was noncommittal.
You were hungry.

You visited 2 branches of the dungeon, and saw 6 of its levels.

You collected 308 gold pieces.

Inventory:

Hand Weapons
 a - a +0 war axe (weapon)
Armour
 c - a +0 kite shield (worn)
 t - a +3 chain mail (worn)
Wands
 e - a wand of iceblast (4)
 r - a wand of paralysis (10)
Scrolls
 g - 4 scrolls of remove curse
 i - a scroll of magic mapping {unknown}
 j - a scroll of immolation {unknown}
 k - a scroll of fear {unknown}
 l - a scroll of amnesia {unknown}
 m - a scroll of enchant armour {unknown}
 n - 4 scrolls of fog {unknown}
 o - 3 scrolls of enchant weapon {unknown}
 p - a scroll of blinking {unknown}
 s - 3 scrolls of identify {unknown}
Potions
 b - a potion of curing
 h - a potion of berserk rage {unknown}
 q - a potion of flight {unknown}
 u - a potion of magic {unknown}
Comestibles
 f - 10 rations


   Skills:
 * Level 5.7 Fighting
 + Level 7.0 Axes
 * Level 6.2 Armour
 + Level 0.8 Dodging
 + Level 0.2 Stealth
 * Level 4.9 Shields
 * Level 1.3 Invocations
 * Level 1.2 Evocations


You had 7 spell levels left.
You didn't know any spells.
Your spell library contained the following spells:

 Spells                   Type           Power        Failure   Level  Hunger
 Magic Dart               Conj           #...         100%        1    ##.....
 Searing Ray              Conj           #.....       100%        2    ###....
 Confusing Touch          Hex            #.......     100%        3    ####...
 Dazzling Flash           Conj/Hex       #.....       100%        3    ####...
 Gell's Gravitas          Tloc           #.........   100%        3    ####...
 Fulminant Prism          Conj/Hex       #.........   100%        4    #####..
 Iskenderun's Mystic Bla  Conj/Tloc      #.......     100%        4    #####..
 Petrify                  Tmut/Erth      #.......     100%        4    #####..
 Metabolic Englaciation   Hex/Ice        #.........   100%        5    ######.
 Yara's Violent Unravell  Hex/Tmut       #.........   100%        5    ######.


Dungeon Overview and Level Annotations

Branches:
Dungeon (5/15)             Temple (1/1) D:4

Altars:
Ashenzari
Cheibriados
Dithmenos
Elyvilon
Fedhas
Gozag
Hepliaklqana
Kikubaaqudgha
Makhleb
Okawaru
Qazlal
Ru
Sif Muna
Uskayaw
Vehumet
Wu Jian
Xom
Zin
The Shining One

Shops:
D:4 }


Message History

You closely miss the worker ant. You block the worker ant's attack.
The gargoyle hurls a stone arrow at you.
The stone arrow hits you! You block the worker ant's attack.
The ice beast barely misses you.
You hit the gargoyle but do no damage. You closely miss the worker ant.
You closely miss the ice beast.
The gargoyle hits you with a +2 flail of protection!
* * * LOW HITPOINT WARNING * * *
The worker ant bites you but does no damage.
The ice beast barely misses you.
Your shield and chain mail prevent you from hitting the gargoyle.
You closely miss the worker ant. You closely miss the ice beast.
You block the worker ant's attack.
The gargoyle hurls a stone arrow at you.
The stone arrow hits you!!
* * * LOW HITPOINT WARNING * * *
The ice beast barely misses you.
The worker ant bites you but does no damage.
The gargoyle hits you with a +2 flail of protection.
You die...

##.#
#######..#
#####.......##
....#...#####
#.......#
#.#......#
...#.#...#
.....#9..#
#....Y@.#
#.#...a..+
...#..####
...... #....
#?#.. . .# ..


You could see a gargoyle, an ice beast and a worker ant.

Vanquished Creatures
  The ghost of sobakacece the Covered, an amateur MiFi (D:3)
  2 ogres
  A scorpion (D:4)
  A howler monkey (D:4)
  A gnoll shaman (D:4)
  A centaur skeleton (D:4)
  5 orc wizards
  Jessica (D:2)
  A bullfrog skeleton (D:4)
  An iguana (D:5)
  4 worker ants
  8 adders
  6 dart slugs
  7 worms
  3 leopard geckos
  19 orcs
  A ball python (D:4)
  5 giant cockroaches
  A goblin (D:1)
  10 hobgoblins
  A quokka (D:4)
  9 bats
  2 frilled lizards
  6 kobolds
  A leopard gecko skeleton (D:4)
  7 rats
105 creatures vanquished.

Vanquished Creatures (others)
  2 orc wizards (D:4)
  An orc (D:4)
  A withered plant (D:3)
4 creatures vanquished.

Grand Total: 109 creatures vanquished

Notes
Turn   | Place    | Note
-------+----------+-------------------------------------------
     0 | D:1      | Error4North the Hill Orc Fighter began the quest for the
                  | Orb.
     0 | D:1      | Reached XP level 1. HP: 19/19 MP: 1/1
    50 | D:1      | Reached skill level 3 in Axes
    50 | D:1      | Reached XP level 2. HP: 16/27 MP: 2/2
   801 | D:1      | Reached XP level 3. HP: 25/33 MP: 3/3
  1062 | D:2      | Found an ancient bone altar of Kikubaaqudgha.
  1458 | D:2      | Reached XP level 4. HP: 29/40 MP: 4/4
  2061 | D:2      | Noticed Jessica
  2066 | D:2      | Killed Jessica
  2066 | D:2      | Reached skill level 4 in Axes
  2474 | D:3      | Reached XP level 5. HP: 47/47 MP: 5/5
  2898 | D:3      | Reached skill level 5 in Axes
  3283 | D:3      | Found a runed translucent door.
  3284 | D:3      | Noticed sobakacece's ghost (amateur MiFi)
  3565 | D:3      | Killed sobakacece's ghost
  3565 | D:3      | Reached skill level 5 in Armour
  3565 | D:3      | Reached XP level 6. HP: 21/53 MP: 6/6
  4186 | D:4      | Reached skill level 5 in Fighting
  4186 | D:4      | Reached XP level 7. HP: 58/61 MP: 7/7
  4205 | D:4      | Found a staircase to the Ecumenical Temple.
  4233 | Temple   | Entered the Ecumenical Temple
  4274 | Temple   | Became a worshipper of Warmaster Okawaru
  4581 | D:4      | Reached skill level 6 in Axes
  4588 | D:4      | Found Nicherchy's Gadget Shoppe.
  4659 | D:4      | Found a shimmering blue altar of Sif Muna.
  4742 | D:4      | Found a sacrificial altar of Ru.
  5223 | D:5      | Entered Level 5 of the Dungeon
  5257 | D:5      | Reached skill level 1 in Invocations
  5257 | D:5      | Reached skill level 1 in Evocations
  5257 | D:5      | Reached XP level 8. HP: 37/70 MP: 8/8
  5295 | D:5      | Reached skill level 7 in Axes
  5576 | D:5      | Noticed a gargoyle
  5587 | D:5      | HP: 1/70 [gargoyle/stone arrow (20)]
  5587 | D:5      | Slain by a gargoyle

Illustrated notes

Levels and vault maps discovered:
D:1:      mushboom_english_gardens, layout_rooms
D:2:      layout_loops_corners, marbit_many_paths, first_ration, uniq_jessica
D:3:      layout_rooms, gammafunk_ghost_grave
D:4:      layout_rooms, nicolae_ru_great_annihilating_truth, led_sif_book,
          minmay_temple_entry_waves, minivault_19, st_stairs_7,
          kennysheep_small_square
D:5:      cheibrodos_fzero, layout_basic, hangedman_minor_gate_pass,
          uniq_menkaure
Temple:   regret_index_temple_sphere_string

Skill      XL: |  1  2  3  4  5  6  7  8 |
---------------+-------------------------+-----
Axes           | 3 4 5 6 7 |  7.0
Fighting       | 4 5 |  5.7
Armour         | 4 5 6 |  6.2
Shields        | 4 |  4.9
Invocations    | 1 |  1.3
Evocations     | 1 |  1.2
Dodging        | |  0.8
Stealth        | |  0.2

Action                   |  1- 3 |  4- 6 |  7- 9 || total
-------------------------+-------+-------+-------++-------
Melee: War axe           |    92 |   231 |   138 ||   461
  Use: Potion            |       |     6 |       ||     6
       Scroll            |       |       |     1 ||     1
 Stab: Invisible         |       |       |     1 ||     1
  Eat: Chunk             |     2 |     8 |     5 ||    15
Armor: Scale mail        |    52 |    70 |       ||   122
       Chain mail        |       |    30 |    75 ||   105
Dodge: Dodged            |    39 |    50 |    32 ||   121
Block: Kite shield       |    55 |   114 |    57 ||   226

Table legend:
 A = Non-vault XP
 B = Vault XP
 C = Vault XP percentage of total XP
 D = Non-vault monster count
 E = Vault monster count
 F = Vault count percentage of total count
                 A         B        C        D         E       F
            +---------+---------+-------+---------+---------+-------
      Total |     702 |     612 |  46.6 |      88 |      17 |  16.2
            +---------+---------+-------+---------+---------+-------
        D:1 |      40 |       0 |   0.0 |      19 |       0 |   0.0
        D:2 |      68 |      51 |  42.9 |      21 |       2 |   8.7
        D:3 |     144 |     124 |  46.3 |      32 |       1 |   3.0
        D:4 |     448 |     233 |  34.2 |      15 |      10 |  40.0
        D:5 |       2 |     204 |  99.0 |       1 |       4 |  80.0
            +---------+---------+-------+---------+---------+-------
